New York Rangers vs Chicago Black Hawks
Created - Saturday, October 19, 2024 at 07:37
Goals
|
| New York Rangers |
1 |
1 |
2 |
4 |
| Chicago Black Hawks |
0 |
1 |
1 |
2 |
|
Shots
|
| New York Rangers |
10 |
8 |
13 |
31 |
| Chicago Black Hawks |
12 |
10 |
8 |
30 |
|
1st period
1. New York Rangers , Artemi Panarin 16 (Teuvo Teravainen 15, Brendan Smith 4) at 6:59
Penalties :
Brendan Smith (NYR) for Roughing (Minor) at 2:46
2nd period
2. Chicago Black Hawks , Marcus Pettersson 2 (Sidney Crosby 29, Brayden Point 26) at 9:02
3. New York Rangers , Pierre-Luc Dubois 9 (Nathan MacKinnon 21) at 18:44
Penalties :
No Penalty
3rd period
4. Chicago Black Hawks , Kevin Fiala 13 (Lucas Raymond 15) at 12:20
5. New York Rangers , Nikolaj Ehlers 11 (Cam Fowler 20) at 15:17
6. New York Rangers , Nathan MacKinnon 25 (Adam Larsson 4) at 16:12
Penalties :
Brandon Hagel (CHI) for Tripping (Minor) at 5:31, Kevin Fiala (CHI) for Roughing (Minor) at 16:36
Goalie Stats
Igor Shesterkin (NYR), 28 saves from 30 shots - (0.933), W, 21-11-7, 60:00 minutes
Adin Hill (CHI), 27 saves from 31 shots - (0.871), L, 6-5-4, 60:00 minutes
Players Stats for New York Rangers
Player Name G A P +/- PIM S H SB GA TA FO MP PP MP PK MP
------------------------------------------------------------------------------------
Adam Larsson 0 1 1 1 0 1 2 2 0 2 0/0 20:44 0:00 1:17
Artemi Panarin 1 0 1 1 0 6 1 1 0 0 0/2 17:00 2:20 0:00
Brendan Smith 0 1 1 2 2 1 4 2 0 0 0/0 20:44 0:00 0:00
Cam Fowler 0 1 1 0 0 1 1 3 1 1 0/0 24:16 2:06 1:24
Cole Caufield 0 0 0 -1 0 1 0 0 0 0 1/3 18:04 2:14 0:00
Conor Garland 0 0 0 1 0 0 2 0 0 0 0/1 13:00 0:00 0:00
David Kampf 0 0 0 1 0 2 0 0 0 0 1/4 10:51 0:00 1:03
Dmitry Kulikov 0 0 0 0 0 0 1 1 0 0 0/0 13:46 0:00 0:11
Jake McCabe 0 0 0 1 0 1 2 2 0 3 0/0 22:43 1:52 0:00
Joe Pavelski 0 0 0 1 0 2 1 0 0 0 3/5 15:08 1:37 0:00
Marcus Foligno 0 0 0 1 0 1 1 0 1 0 0/0 10:26 0:00 0:56
Mathew Barzal 0 0 0 -1 0 2 1 1 1 0 0/0 18:42 2:06 0:00
Matthew Benning 0 0 0 0 0 0 1 1 0 0 0/0 14:11 0:00 1:06
Mikael Granlund 0 0 0 1 0 1 0 4 0 1 11/23 17:46 1:53 0:56
Nathan MacKinnon 1 1 2 -1 0 4 1 0 0 0 8/16 18:07 2:20 0:00
Nikolaj Ehlers 1 0 1 1 0 5 0 0 0 0 0/0 14:54 1:37 0:00
Pierre-Luc Dubois 1 0 1 1 0 3 0 0 1 0 1/1 10:03 0:07 0:00
Teuvo Teravainen 0 1 1 1 0 0 0 2 0 0 0/0 17:35 1:38 1:03
Players Stats for Chicago Black Hawks
Player Name G A P +/- PIM S H SB GA TA FO MP PP MP PK MP
------------------------------------------------------------------------------------
Alex DeBrincat 0 0 0 -1 0 2 0 0 0 0 0/1 10:47 0:33 0:00
Bo Horvat 0 0 0 0 0 2 0 0 1 2 12/18 16:10 1:13 0:00
Brandon Hagel 0 0 0 0 2 0 1 0 0 0 1/1 16:28 0:46 0:47
Brayden Point 0 1 1 1 0 1 1 0 0 0 1/2 17:26 0:46 0:45
Cale Makar 0 0 0 0 0 2 1 1 0 1 0/0 25:59 1:05 2:03
Chris Kreider 0 0 0 1 0 0 2 0 0 0 0/0 16:48 0:40 0:12
Devon Toews 0 0 0 -2 0 4 1 0 0 0 0/0 19:23 0:00 1:55
Filip Forsberg 0 0 0 0 0 1 0 2 1 0 0/0 16:10 1:13 0:00
Filip Hronek 0 0 0 0 0 2 0 2 0 0 0/0 14:38 0:54 0:00
Jamie Benn 0 0 0 -2 0 1 1 0 0 0 7/12 14:43 0:00 1:46
Kevin Fiala 1 0 1 -2 2 3 1 0 1 0 0/1 13:15 0:00 0:00
Lucas Raymond 0 1 1 -2 0 2 1 0 1 0 0/0 14:36 0:00 1:20
Marcus Pettersson 1 0 1 0 0 2 2 1 0 0 0/0 13:43 0:00 0:00
Nicholas Paul 0 0 0 -1 0 2 0 0 1 1 2/5 11:22 0:00 1:27
Ryan Hartman 0 0 0 -1 0 1 0 1 1 0 0/0 11:34 0:00 1:39
Seth Jones 0 0 0 0 0 3 3 0 0 0 0/0 25:48 1:05 1:55
Sidney Crosby 0 1 1 1 0 2 0 0 1 0 7/15 16:41 0:46 0:00
Travis Sanheim 0 0 0 -2 0 0 3 2 0 0 0/0 20:29 0:54 2:03
3 Stars
1 - Artemi Panarin (NYR)
2 - Nathan MacKinnon (NYR)
3 - Pierre-Luc Dubois (NYR)
Power Play
New York Rangers - 0 on 2 Attempt(s) - 0.00%
Chicago Black Hawks - 0 on 1 Attempt(s) - 0.00%
Penalty Kill
New York Rangers - 1 on 1 Attempt(s) - 100.00%
- Score 0 goal in Penalty Kill
Chicago Black Hawks - 2 on 2 Attempt(s) - 100.00%
- Score 0 goal in Penalty Kill
Team Stat
New York Rangers - Hits : 18 - Faceoff Wins : 25 - Blocked Shots : 19 - Penalty Minutes : 2
Chicago Black Hawks - Hits : 17 - Faceoff Wins : 30 - Blocked Shots : 9 - Penalty Minutes : 4
Official
Referees : Francois St Laurent and Trevor Hanson
Linesman : Trent Knorr and Bryan Pancich
Game Notes
No Game Note
Finance
Level 1 -- Attendance: 5130 (85.50%) -- Ticket Income $513,000
Level 2 -- Attendance: 3598 (71.96%) -- Ticket Income $215,880
Level 3 -- Attendance: 2233 (74.43%) -- Ticket Income $78,155
Level 4 -- Attendance: 4116 (82.32%) -- Ticket Income $102,900
Luxury Box -- Attendance: 788 (78.80%) -- Ticket Income $157,600
Game was played at the United Center.
Total Attendance: 15865 (79.33%)
Total Ticket Income: $1,067,535
Other Income: $373,637
Total Income: $1,441,172
New York Rangers
5 vs 5 Forward
Center Left Wing Right Wing Time % Phy DF OF
1 Nathan MacKinnon Cole Caufield Mathew Barzal 34 0 2 3
2 Mikael Granlund Artemi Panarin Teuvo Teravainen 34 0 2 3
3 Joe Pavelski Nikolaj Ehlers Conor Garland 20 1 2 2
4 David Kampf Pierre-Luc Dubois Marcus Foligno 12 1 3 1
5 vs 5 Defense
Defense Defense Time % Phy DF OF
1 Cam Fowler Jake McCabe 40 1 2 2
2 Adam Larsson Brendan Smith 35 1 3 1
3 Dmitry Kulikov Matthew Benning 25 1 3 1
4 Cam Fowler Jake McCabe 0 1 2 2
PowerPlay Forward
Center Left Wing Right Wing Time % Phy DF OF
1 Nathan MacKinnon Artemi Panarin Cole Caufield 60 0 1 4
2 Joe Pavelski Teuvo Teravainen Nikolaj Ehlers 40 0 1 4
PowerPlay Defense
Defense Defense Time % Phy DF OF
1 Mathew Barzal Cam Fowler 60 0 1 4
2 Jake McCabe Mikael Granlund 40 0 2 3
Penalty Kill 4 Players Forward
Center Wing Time % Phy DF OF
1 Mikael Granlund Marcus Foligno 50 1 3 1
2 David Kampf Teuvo Teravainen 50 1 3 1
Penalty Kill 4 Players Defense
Defense Defense Time % Phy DF OF
1 Matthew Benning Brendan Smith 50 1 3 1
2 Adam Larsson Cam Fowler 50 1 3 1
Penalty Kill - 3 Players Forward
Forward Time % Phy DF OF
1 Mikael Granlund 50 1 4 0
2 David Kampf 50 1 4 0
Penalty Kill - 3 Players Defense
Defense Defense Time % Phy DF OF
1 Brendan Smith Matthew Benning 50 1 4 0
2 Adam Larsson Cam Fowler 50 1 4 0
4 vs 4 Forward
Center Wing Time % Phy DF OF
1 Nathan MacKinnon Artemi Panarin 50 0 2 3
2 Mikael Granlund Cole Caufield 50 1 2 2
4 vs 4 Defense
Defense Defense Time % Phy DF OF
1 Cam Fowler Jake McCabe 50 1 2 2
2 Adam Larsson Brendan Smith 50 1 2 2
Last Minutes Offensive
Center Left Wing Right Wing Defense Defense
Nathan MacKinnon Artemi Panarin Pierre-Luc Dubois Cam Fowler Jake McCabe
Last Minutes Defensive
Center Left Wing Right Wing Defense Defense
David Kampf Marcus Foligno Mikael Granlund Matthew Benning Brendan Smith
Goaltenders
Starting : Igor Shesterkin
Backup : Tristan Jarry
Extra Forwards
Normal : Nathan MacKinnon, Artemi Panarin, Mikael Granlund - PP : Teuvo Teravainen, Pierre-Luc Dubois - PK : Teuvo Teravainen
Extra Defensemen
Normal : Cam Fowler, Brendan Smith, Matthew Benning - PP : Dmitry Kulikov - PK : Adam Larsson, Cam Fowler
Penalty Shots
Artemi Panarin, Mikael Granlund, Pierre-Luc Dubois, David Kampf, Nathan MacKinnon
Scratches
None
Chicago Black Hawks
5 vs 5 Forward
Center Left Wing Right Wing Time % Phy DF OF
1 Sidney Crosby Chris Kreider Brayden Point 30 0 1 4
2 Bo Horvat Filip Forsberg Brandon Hagel 30 0 2 3
3 Jamie Benn Kevin Fiala Lucas Raymond 25 0 1 4
4 Nicholas Paul Alex DeBrincat Ryan Hartman 15 0 2 3
5 vs 5 Defense
Defense Defense Time % Phy DF OF
1 Cale Makar Seth Jones 36 0 3 2
2 Devon Toews Travis Sanheim 34 0 3 2
3 Marcus Pettersson Filip Hronek 20 0 4 1
4 Cale Makar Seth Jones 10 0 4 1
PowerPlay Forward
Center Left Wing Right Wing Time % Phy DF OF
1 Sidney Crosby Brandon Hagel Brayden Point 50 0 0 5
2 Bo Horvat Filip Forsberg Chris Kreider 50 0 0 5
PowerPlay Defense
Defense Defense Time % Phy DF OF
1 Cale Makar Seth Jones 50 0 1 4
2 Travis Sanheim Filip Hronek 50 0 1 4
Penalty Kill 4 Players Forward
Center Wing Time % Phy DF OF
1 Jamie Benn Ryan Hartman 50 0 5 0
2 Nicholas Paul Brandon Hagel 50 0 5 0
Penalty Kill 4 Players Defense
Defense Defense Time % Phy DF OF
1 Seth Jones Devon Toews 50 0 5 0
2 Cale Makar Travis Sanheim 50 0 5 0
Penalty Kill - 3 Players Forward
Forward Time % Phy DF OF
1 Ryan Hartman 50 0 5 0
2 Nicholas Paul 50 0 5 0
Penalty Kill - 3 Players Defense
Defense Defense Time % Phy DF OF
1 Cale Makar Seth Jones 50 0 5 0
2 Devon Toews Marcus Pettersson 50 0 5 0
4 vs 4 Forward
Center Wing Time % Phy DF OF
1 Jamie Benn Kevin Fiala 50 0 2 3
2 Nicholas Paul Alex DeBrincat 50 1 1 3
4 vs 4 Defense
Defense Defense Time % Phy DF OF
1 Devon Toews Filip Hronek 50 0 3 2
2 Marcus Pettersson Cale Makar 50 0 3 2
Last Minutes Offensive
Center Left Wing Right Wing Defense Defense
Sidney Crosby Chris Kreider Brayden Point Cale Makar Seth Jones
Last Minutes Defensive
Center Left Wing Right Wing Defense Defense
Nicholas Paul Brandon Hagel Ryan Hartman Cale Makar Seth Jones
Goaltenders
Starting : Adin Hill
Backup : Thatcher Demko
Extra Forwards
Normal : Alex DeBrincat, Lucas Raymond, Kevin Fiala - PP : Alex DeBrincat, Lucas Raymond - PK : Brandon Hagel
Extra Defensemen
Normal : Filip Hronek, Marcus Pettersson, Devon Toews - PP : Travis Sanheim - PK : Devon Toews, Filip Hronek
Penalty Shots
Lucas Raymond, Alex DeBrincat, Sidney Crosby, Brayden Point, Devon Toews
Scratches
Caleb Jones (Healthy)
% Time on Ice - New York Rangers
Lines # - Real PCT - Wanted PCT - Time Play
Normal Forward
1 - 31% - 34% - 16:30
2 - 28% - 34% - 15:19
3 - 24% - 20% - 13:00
4 - 17% - 12% - 9:14
Normal Defense
1 - 40% - 40% - 21:53
2 - 35% - 35% - 19:05
3 - 24% - 25% - 13:05
4 - 0% - 0% - 0:00
PP Forward
1 - 59% - 60% - 2:20
2 - 41% - 40% - 1:38
PP Defense
1 - 53% - 60% - 2:06
2 - 47% - 40% - 1:52
PK Forward
1 - 47% - 50% - 0:56
2 - 53% - 50% - 1:03
PK Defense
1 - 65% - 50% - 1:17
2 - 35% - 50% - 0:42
PK3 Forward
1 - 0% - 50%
2 - 0% - 50%
PK3 Defense
1 - 0% - 50%
2 - 0% - 50%
44 Forward
1 - 0% - 50%
2 - 0% - 50%
44 Defense
1 - 0% - 50%
2 - 0% - 50%
Last Minute Offensive - 0:00
Last Minute Defensive - 0:00
Total
Forward - 60:00
Defense - 60:00
|
% Time on Ice - Chicago Black Hawks
Lines # - Real PCT - Wanted PCT - Time Play
Normal Forward
1 - 30% - 30% - 16:14
2 - 28% - 30% - 14:57
3 - 24% - 25% - 12:57
4 - 18% - 15% - 9:55
Normal Defense
1 - 35% - 36% - 19:03
2 - 32% - 34% - 17:32
3 - 25% - 20% - 13:43
4 - 7% - 10% - 3:45
PP Forward
1 - 39% - 50% - 0:46
2 - 61% - 50% - 1:13
PP Defense
1 - 55% - 50% - 1:05
2 - 45% - 50% - 0:54
PK Forward
1 - 48% - 50% - 1:54
2 - 52% - 50% - 2:04
PK Defense
1 - 48% - 50% - 1:55
2 - 52% - 50% - 2:03
PK3 Forward
1 - 0% - 50%
2 - 0% - 50%
PK3 Defense
1 - 0% - 50%
2 - 0% - 50%
44 Forward
1 - 0% - 50%
2 - 0% - 50%
44 Defense
1 - 0% - 50%
2 - 0% - 50%
Last Minute Offensive - 0:00
Last Minute Defensive - 0:00
Total
Forward - 60:00
Defense - 60:00
|
Play-by-Play
1st period
0:01 of 1st period - Sidney Crosby wins face-off versus Nathan MacKinnon in neutral zone.
0:41 of 1st period - Cale Makar is hit by Artemi Panarin.
0:55 of 1st period - Wrist shot by Nikolaj Ehlers.
0:55 of 1st period - Stopped by Adin Hill with a rebound.
0:57 of 1st period - Snap shot by Brendan Smith.
0:57 of 1st period - Shot Hit the Post.
0:59 of 1st period - Slapshot by Adam Larsson.
0:59 of 1st period - Stopped by Adin Hill with a rebound.
1:01 of 1st period - Slapshot by Adam Larsson.
1:01 of 1st period - Deflect By Conor Garland.
1:01 of 1st period - Shot Misses the Net.
1:01 of 1st period - Puck is out of play.
1:02 of 1st period - Nicholas Paul wins face-off versus David Kampf in Chicago Black Hawks zone.
1:07 of 1st period - Snap shot by Nicholas Paul.
1:07 of 1st period - Stopped by Igor Shesterkin without a rebound.
1:08 of 1st period - Nicholas Paul wins face-off versus David Kampf in New York Rangers zone.
1:09 of 1st period - Slapshot by Alex DeBrincat.
1:09 of 1st period - Shot Misses the Net.
1:11 of 1st period - Slapshot by Devon Toews.
1:11 of 1st period - Stopped by Igor Shesterkin with a rebound.
1:23 of 1st period - Snap shot by Alex DeBrincat.
1:23 of 1st period - Shot Blocked by Dmitry Kulikov.
2:11 of 1st period - Snap shot by Brayden Point.
2:11 of 1st period - Shot Misses the Net.
2:13 of 1st period - Snap shot by Devon Toews.
2:13 of 1st period - Stopped by Igor Shesterkin with a rebound.
2:31 of 1st period - Slapshot by Chris Kreider.
2:31 of 1st period - Shot Misses the Net.
2:33 of 1st period - Slapshot by Devon Toews.
2:33 of 1st period - Shot Misses the Net.
2:35 of 1st period - Snap shot by Devon Toews.
2:35 of 1st period - Stopped by Igor Shesterkin with a rebound.
2:37 of 1st period - Wrist shot by Travis Sanheim.
2:37 of 1st period - Deflect By Sidney Crosby.
2:37 of 1st period - Stopped by Igor Shesterkin with a rebound.
2:39 of 1st period - Slapshot by Devon Toews.
2:39 of 1st period - Shot Blocked by Brendan Smith.
2:46 of 1st period - Minor Penalty to Brendan Smith for Roughing.
2:47 of 1st period - Bo Horvat wins face-off versus Mikael Granlund in New York Rangers zone.
2:55 of 1st period - Wrist shot by Alex DeBrincat.
2:55 of 1st period - Deflect By Adam Larsson.
2:55 of 1st period - Stopped by Igor Shesterkin without a rebound.
2:56 of 1st period - Mikael Granlund wins face-off versus Alex DeBrincat in New York Rangers zone.
3:17 of 1st period - Snap shot by Bo Horvat.
3:17 of 1st period - Shot Blocked by Adam Larsson.
3:19 of 1st period - Slapshot by Cale Makar.
3:19 of 1st period - Deflect By Alex DeBrincat.
3:19 of 1st period - Shot Misses the Net.
3:19 of 1st period - Puck is out of play.
3:20 of 1st period - Sidney Crosby wins face-off versus Mikael Granlund in New York Rangers zone.
3:21 of 1st period - Slapshot by Brayden Point.
3:21 of 1st period - Stopped by Igor Shesterkin with a rebound.
4:46 of 1st period - Penalty to Brendan Smith is over, Brendan Smith is back on ice.
5:05 of 1st period - Brendan Smith is hit by Marcus Pettersson and loses puck.
5:21 of 1st period - Seth Jones is hit by Mathew Barzal and loses puck.
5:58 of 1st period - Lucas Raymond is hit by Dmitry Kulikov and loses puck.
6:13 of 1st period - Conor Garland is hit by Travis Sanheim and loses puck.
6:59 of 1st period - Wrist shot by Artemi Panarin.
6:59 of 1st period - Goal by Artemi Panarin - New York Rangers : 1 - Chicago Black Hawks : 0.
7:00 of 1st period - Bo Horvat wins face-off versus Artemi Panarin in neutral zone.
7:10 of 1st period - Icing by Matthew Benning.
7:11 of 1st period - Mikael Granlund wins face-off versus Bo Horvat in New York Rangers zone.
7:16 of 1st period - Cale Makar is hit by Matthew Benning and loses puck.
7:21 of 1st period - Snap shot by Artemi Panarin.
7:21 of 1st period - Stopped by Adin Hill without a rebound.
7:22 of 1st period - Bo Horvat wins face-off versus Cole Caufield in Chicago Black Hawks zone.
7:49 of 1st period - Brandon Hagel is hit by Adam Larsson.
8:02 of 1st period - Snap shot by Bo Horvat.
8:02 of 1st period - Shot Misses the Net.
9:14 of 1st period - Slapshot by Filip Forsberg.
9:14 of 1st period - Shot Misses the Net.
9:16 of 1st period - Wrist shot by Bo Horvat.
9:16 of 1st period - Stopped by Igor Shesterkin without a rebound.
9:17 of 1st period - Jamie Benn wins face-off versus Mikael Granlund in New York Rangers zone.
9:18 of 1st period - Wrist shot by Lucas Raymond.
9:18 of 1st period - Stopped by Igor Shesterkin without a rebound.
9:19 of 1st period - Mikael Granlund wins face-off versus Jamie Benn in New York Rangers zone.
9:28 of 1st period - Snap shot by Artemi Panarin.
9:28 of 1st period - Stopped by Adin Hill with a rebound.
12:36 of 1st period - Teuvo Teravainen is hit by Kevin Fiala and loses puck.
13:12 of 1st period - Kevin Fiala is hit by Brendan Smith and loses puck.
13:27 of 1st period - Filip Forsberg is hit by Nathan MacKinnon and loses puck.
13:51 of 1st period - Icing by Travis Sanheim.
13:52 of 1st period - David Kampf wins face-off versus Nicholas Paul in Chicago Black Hawks zone.
14:03 of 1st period - Slapshot by Pierre-Luc Dubois.
14:03 of 1st period - Stopped by Adin Hill without a rebound.
14:04 of 1st period - Mikael Granlund wins face-off versus Sidney Crosby in Chicago Black Hawks zone.
14:46 of 1st period - Nathan MacKinnon is hit by Devon Toews and loses puck.
15:07 of 1st period - Brendan Smith is hit by Seth Jones and loses puck.
15:30 of 1st period - Wrist shot by Nikolaj Ehlers.
15:30 of 1st period - Stopped by Adin Hill with a rebound.
15:46 of 1st period - Snap shot by Joe Pavelski.
15:46 of 1st period - Stopped by Adin Hill with a rebound.
15:56 of 1st period - Wrist shot by Nikolaj Ehlers.
15:56 of 1st period - Stopped by Adin Hill with a rebound.
16:22 of 1st period - Wrist shot by Alex DeBrincat.
16:22 of 1st period - Stopped by Igor Shesterkin without a rebound.
16:23 of 1st period - Mikael Granlund wins face-off versus Sidney Crosby in New York Rangers zone.
16:36 of 1st period - Wrist shot by Sidney Crosby.
16:36 of 1st period - Stopped by Igor Shesterkin with a rebound.
16:38 of 1st period - Snap shot by Brayden Point.
16:38 of 1st period - Shot Misses the Net.
17:32 of 1st period - Wrist shot by Sidney Crosby.
17:32 of 1st period - Shot Misses the Net.
17:34 of 1st period - Snap shot by Sidney Crosby.
17:34 of 1st period - Shot Blocked by Brendan Smith.
17:36 of 1st period - Slapshot by Filip Hronek.
17:36 of 1st period - Stopped by Igor Shesterkin without a rebound.
17:37 of 1st period - Sidney Crosby wins face-off versus Nathan MacKinnon in New York Rangers zone.
18:19 of 1st period - Icing by Jake McCabe.
18:20 of 1st period - Nathan MacKinnon wins face-off versus Bo Horvat in New York Rangers zone.
18:35 of 1st period - Slapshot by Mathew Barzal.
18:35 of 1st period - Shot Misses the Net.
18:54 of 1st period - Off-side.
18:55 of 1st period - Mikael Granlund wins face-off versus Jamie Benn in neutral zone.
19:12 of 1st period - Snap shot by Mikael Granlund.
19:12 of 1st period - Stopped by Adin Hill without a rebound.
19:13 of 1st period - Joe Pavelski wins face-off versus Bo Horvat in Chicago Black Hawks zone.
19:47 of 1st period - Snap shot by Kevin Fiala.
19:47 of 1st period - Shot Misses the Net.
Goals for this period are 1 for New York Rangers vs 0 for Chicago Black Hawks.
Shots for this period are 10 for New York Rangers vs 12 for Chicago Black Hawks.
2nd period
0:01 of 2nd period - Mikael Granlund wins face-off versus Bo Horvat in neutral zone.
0:03 of 2nd period - Off-side.
0:04 of 2nd period - Bo Horvat wins face-off versus Mikael Granlund in neutral zone.
0:07 of 2nd period - Slapshot by Filip Forsberg.
0:07 of 2nd period - Deflect By Mikael Granlund.
0:07 of 2nd period - Shot Blocked by Mikael Granlund.
0:07 of 2nd period - Puck is out of play.
0:08 of 2nd period - Bo Horvat wins face-off versus Mikael Granlund in New York Rangers zone.
0:18 of 2nd period - Icing by Mikael Granlund.
0:19 of 2nd period - Sidney Crosby wins face-off versus Mikael Granlund in New York Rangers zone.
0:28 of 2nd period - Wrist shot by Brayden Point.
0:28 of 2nd period - Shot Misses the Net.
1:20 of 2nd period - Artemi Panarin is hit by Brandon Hagel and loses puck.
1:31 of 2nd period - Devon Toews is hit by Cam Fowler and loses puck.
1:54 of 2nd period - Wrist shot by Joe Pavelski.
1:54 of 2nd period - Stopped by Adin Hill with a rebound.
2:12 of 2nd period - Sidney Crosby is hit by Brendan Smith and loses puck.
3:04 of 2nd period - Matthew Benning is hit by Chris Kreider and loses puck.
3:14 of 2nd period - Icing by Matthew Benning.
3:15 of 2nd period - Bo Horvat wins face-off versus David Kampf in New York Rangers zone.
3:32 of 2nd period - Snap shot by Filip Forsberg.
3:32 of 2nd period - Shot Misses the Net.
3:48 of 2nd period - Snap shot by Pierre-Luc Dubois.
3:48 of 2nd period - Shot Misses the Net.
3:59 of 2nd period - Snap shot by Dmitry Kulikov.
3:59 of 2nd period - Shot Blocked by Travis Sanheim.
4:01 of 2nd period - Slapshot by Dmitry Kulikov.
4:01 of 2nd period - Shot Blocked by Travis Sanheim.
4:03 of 2nd period - Snap shot by Marcus Foligno.
4:03 of 2nd period - Stopped by Adin Hill without a rebound.
4:04 of 2nd period - Nathan MacKinnon wins face-off versus Bo Horvat in Chicago Black Hawks zone.
4:07 of 2nd period - Snap shot by Nathan MacKinnon.
4:07 of 2nd period - Stopped by Adin Hill without a rebound.
4:08 of 2nd period - Bo Horvat wins face-off versus Nathan MacKinnon in Chicago Black Hawks zone.
4:17 of 2nd period - Snap shot by Cole Caufield.
4:17 of 2nd period - Stopped by Adin Hill without a rebound.
4:18 of 2nd period - Nathan MacKinnon wins face-off versus Jamie Benn in Chicago Black Hawks zone.
4:44 of 2nd period - Lucas Raymond is hit by Jake McCabe and loses puck.
5:27 of 2nd period - Snap shot by Kevin Fiala.
5:27 of 2nd period - Stopped by Igor Shesterkin with a rebound.
5:29 of 2nd period - Slapshot by Devon Toews.
5:29 of 2nd period - Stopped by Igor Shesterkin with a rebound.
5:45 of 2nd period - Slapshot by Lucas Raymond.
5:45 of 2nd period - Shot Misses the Net.
5:47 of 2nd period - Slapshot by Seth Jones.
5:47 of 2nd period - Stopped by Igor Shesterkin without a rebound.
5:48 of 2nd period - Bo Horvat wins face-off versus Nathan MacKinnon in New York Rangers zone.
6:23 of 2nd period - Snap shot by Ryan Hartman.
6:23 of 2nd period - Stopped by Igor Shesterkin with a rebound.
6:39 of 2nd period - Snap shot by Nathan MacKinnon.
6:39 of 2nd period - Shot Blocked by Cale Makar.
6:41 of 2nd period - Snap shot by Mathew Barzal.
6:41 of 2nd period - Shot Blocked by Ryan Hartman.
6:57 of 2nd period - Snap shot by Mathew Barzal.
6:57 of 2nd period - Stopped by Adin Hill without a rebound.
6:58 of 2nd period - Bo Horvat wins face-off versus Mikael Granlund in Chicago Black Hawks zone.
7:13 of 2nd period - Snap shot by Artemi Panarin.
7:13 of 2nd period - Shot Misses the Net.
7:15 of 2nd period - Wrist shot by Mikael Granlund.
7:15 of 2nd period - Shot Misses the Net.
8:07 of 2nd period - Snap shot by Nicholas Paul.
8:07 of 2nd period - Stopped by Igor Shesterkin without a rebound.
8:08 of 2nd period - Joe Pavelski wins face-off versus Nicholas Paul in New York Rangers zone.
8:37 of 2nd period - Snap shot by Ryan Hartman.
8:37 of 2nd period - Shot Blocked by Mikael Granlund.
8:39 of 2nd period - Wrist shot by Seth Jones.
8:39 of 2nd period - Shot Misses the Net.
8:41 of 2nd period - Snap shot by Ryan Hartman.
8:41 of 2nd period - Shot Blocked by Mikael Granlund.
8:43 of 2nd period - Snap shot by Ryan Hartman.
8:43 of 2nd period - Shot Blocked by Artemi Panarin.
8:45 of 2nd period - Snap shot by Nicholas Paul.
8:45 of 2nd period - Shot Blocked by Cam Fowler.
8:47 of 2nd period - Slapshot by Seth Jones.
8:47 of 2nd period - Stopped by Igor Shesterkin with a rebound.
8:49 of 2nd period - Wrist shot by Nicholas Paul.
8:49 of 2nd period - Shot Misses the Net.
8:53 of 2nd period - Wrist shot by Cale Makar.
8:53 of 2nd period - Stopped by Igor Shesterkin without a rebound.
8:54 of 2nd period - Nathan MacKinnon wins face-off versus Sidney Crosby in New York Rangers zone.
9:02 of 2nd period - Slapshot by Marcus Pettersson.
9:02 of 2nd period - Goal by Marcus Pettersson - New York Rangers : 1 - Chicago Black Hawks : 1.
9:03 of 2nd period - Mikael Granlund wins face-off versus Sidney Crosby in neutral zone.
9:30 of 2nd period - Adam Larsson is hit by Seth Jones and loses puck.
9:41 of 2nd period - Snap shot by Mathew Barzal.
9:41 of 2nd period - Shot Misses the Net.
9:48 of 2nd period - Icing by Devon Toews.
9:49 of 2nd period - Bo Horvat wins face-off versus Joe Pavelski in Chicago Black Hawks zone.
9:56 of 2nd period - Jake McCabe is hit by Lucas Raymond and loses puck.
10:52 of 2nd period - Off-side.
10:53 of 2nd period - Brandon Hagel wins face-off versus Nathan MacKinnon in neutral zone.
12:15 of 2nd period - Wrist shot by David Kampf.
12:15 of 2nd period - Stopped by Adin Hill with a rebound.
12:49 of 2nd period - Slapshot by Chris Kreider.
12:49 of 2nd period - Shot Blocked by Mathew Barzal.
12:51 of 2nd period - Slapshot by Cale Makar.
12:51 of 2nd period - Stopped by Igor Shesterkin without a rebound.
12:52 of 2nd period - Mikael Granlund wins face-off versus Brayden Point in New York Rangers zone.
13:30 of 2nd period - Icing by Matthew Benning.
13:31 of 2nd period - Jamie Benn wins face-off versus Joe Pavelski in New York Rangers zone.
14:08 of 2nd period - Snap shot by Brayden Point.
14:08 of 2nd period - Shot Misses the Net.
14:26 of 2nd period - Wrist shot by Bo Horvat.
14:26 of 2nd period - Shot Misses the Net.
14:28 of 2nd period - Slapshot by Cale Makar.
14:28 of 2nd period - Shot Blocked by Matthew Benning.
14:50 of 2nd period - Wrist shot by Nathan MacKinnon.
14:50 of 2nd period - Shot Misses the Net.
15:08 of 2nd period - Snap shot by Marcus Foligno.
15:08 of 2nd period - Shot Blocked by Filip Hronek.
16:30 of 2nd period - Snap shot by Kevin Fiala.
16:30 of 2nd period - Deflect By Joe Pavelski.
16:30 of 2nd period - Shot Misses the Net.
16:30 of 2nd period - Puck is out of play.
16:31 of 2nd period - Sidney Crosby wins face-off versus Mikael Granlund in New York Rangers zone.
16:32 of 2nd period - Snap shot by Brayden Point.
16:32 of 2nd period - Shot Blocked by Teuvo Teravainen.
17:30 of 2nd period - Snap shot by Kevin Fiala.
17:30 of 2nd period - Shot Blocked by Cam Fowler.
17:56 of 2nd period - Snap shot by Brayden Point.
17:56 of 2nd period - Deflect By Sidney Crosby.
17:56 of 2nd period - Shot Misses the Net.
17:56 of 2nd period - Puck is out of play.
17:57 of 2nd period - Bo Horvat wins face-off versus Mikael Granlund in New York Rangers zone.
18:24 of 2nd period - Seth Jones is hit by Brendan Smith.
18:32 of 2nd period - Snap shot by Sidney Crosby.
18:32 of 2nd period - Shot Misses the Net.
18:34 of 2nd period - Slapshot by Marcus Pettersson.
18:34 of 2nd period - Stopped by Igor Shesterkin with a rebound.
18:44 of 2nd period - Snap shot by Pierre-Luc Dubois.
18:44 of 2nd period - Goal by Pierre-Luc Dubois - New York Rangers : 2 - Chicago Black Hawks : 1.
18:45 of 2nd period - Mikael Granlund wins face-off versus Bo Horvat in neutral zone.
19:00 of 2nd period - Snap shot by Artemi Panarin.
19:00 of 2nd period - Stopped by Adin Hill with a rebound.
19:02 of 2nd period - Slapshot by Mikael Granlund.
19:02 of 2nd period - Shot Misses the Net.
19:21 of 2nd period - Nathan MacKinnon is hit by Chris Kreider and loses puck.
19:53 of 2nd period - Cole Caufield is hit by Travis Sanheim and loses puck.
Goals for this period are 1 for New York Rangers vs 1 for Chicago Black Hawks.
Shots for this period are 8 for New York Rangers vs 10 for Chicago Black Hawks.
3rd period
0:01 of 3rd period - Jamie Benn wins face-off versus Artemi Panarin in neutral zone.
0:08 of 3rd period - Snap shot by Kevin Fiala.
0:08 of 3rd period - Shot Blocked by Teuvo Teravainen.
0:53 of 3rd period - Chris Kreider is hit by Conor Garland and loses puck.
1:18 of 3rd period - Wrist shot by Nicholas Paul.
1:18 of 3rd period - Shot Misses the Net.
1:40 of 3rd period - Backhand shot by Filip Hronek.
1:40 of 3rd period - Stopped by Igor Shesterkin with a rebound.
1:42 of 3rd period - Snap shot by Jamie Benn.
1:42 of 3rd period - Stopped by Igor Shesterkin with a rebound.
1:56 of 3rd period - Snap shot by Mathew Barzal.
1:56 of 3rd period - Shot Blocked by Filip Forsberg.
1:58 of 3rd period - Wrist shot by Nathan MacKinnon.
1:58 of 3rd period - Shot Misses the Net.
2:02 of 3rd period - Snap shot by Nathan MacKinnon.
2:02 of 3rd period - Stopped by Adin Hill without a rebound.
2:03 of 3rd period - Nathan MacKinnon wins face-off versus Sidney Crosby in Chicago Black Hawks zone.
2:30 of 3rd period - Artemi Panarin is hit by Cale Makar and loses puck.
2:39 of 3rd period - Snap shot by Brandon Hagel.
2:39 of 3rd period - Shot Misses the Net.
2:51 of 3rd period - Devon Toews is hit by Marcus Foligno and loses puck.
3:04 of 3rd period - Slapshot by Kevin Fiala.
3:04 of 3rd period - Stopped by Igor Shesterkin with a rebound.
3:19 of 3rd period - Off-side.
3:20 of 3rd period - Joe Pavelski wins face-off versus Nicholas Paul in neutral zone.
4:04 of 3rd period - Ryan Hartman is hit by Conor Garland.
4:43 of 3rd period - Slapshot by Nikolaj Ehlers.
4:43 of 3rd period - Shot Blocked by Marcus Pettersson.
4:45 of 3rd period - Slapshot by Cam Fowler.
4:45 of 3rd period - Shot Blocked by Filip Hronek.
4:47 of 3rd period - Snap shot by Jake McCabe.
4:47 of 3rd period - Shot Misses the Net.
4:49 of 3rd period - Snap shot by Nikolaj Ehlers.
4:49 of 3rd period - Stopped by Adin Hill with a rebound.
4:51 of 3rd period - Slapshot by Cam Fowler.
4:51 of 3rd period - Stopped by Adin Hill with a rebound.
4:53 of 3rd period - Slapshot by Jake McCabe.
4:53 of 3rd period - Stopped by Adin Hill without a rebound.
4:54 of 3rd period - Sidney Crosby wins face-off versus Mikael Granlund in Chicago Black Hawks zone.
5:31 of 3rd period - Minor Penalty to Brandon Hagel for Tripping.
5:32 of 3rd period - Brayden Point wins face-off versus Nathan MacKinnon in Chicago Black Hawks zone.
5:42 of 3rd period - Slapshot by Artemi Panarin.
5:42 of 3rd period - Stopped by Adin Hill with a rebound.
5:44 of 3rd period - Slapshot by Mathew Barzal.
5:44 of 3rd period - Shot Misses the Net.
5:46 of 3rd period - Snap shot by Artemi Panarin.
5:46 of 3rd period - Stopped by Adin Hill without a rebound.
5:47 of 3rd period - Jamie Benn wins face-off versus Nathan MacKinnon in Chicago Black Hawks zone.
7:31 of 3rd period - Penalty to Brandon Hagel is over, Brandon Hagel is back on ice.
7:38 of 3rd period - Snap shot by Filip Forsberg.
7:38 of 3rd period - Shot Blocked by Cam Fowler.
8:16 of 3rd period - Slapshot by Lucas Raymond.
8:16 of 3rd period - Stopped by Igor Shesterkin without a rebound.
8:17 of 3rd period - Jamie Benn wins face-off versus Conor Garland in New York Rangers zone.
8:20 of 3rd period - Snap shot by Kevin Fiala.
8:20 of 3rd period - Shot Misses the Net.
8:34 of 3rd period - Wrist shot by Jamie Benn.
8:34 of 3rd period - Deflect By Chris Kreider.
8:34 of 3rd period - Shot Blocked by Adam Larsson.
8:34 of 3rd period - Puck is out of play.
8:35 of 3rd period - Pierre-Luc Dubois wins face-off versus Sidney Crosby in New York Rangers zone.
8:35 of 3rd period - Pierre-Luc Dubois is hit by Brayden Point.
8:43 of 3rd period - Wrist shot by Pierre-Luc Dubois.
8:43 of 3rd period - Stopped by Adin Hill with a rebound.
8:47 of 3rd period - Snap shot by David Kampf.
8:47 of 3rd period - Stopped by Adin Hill with a rebound.
8:49 of 3rd period - Slapshot by Matthew Benning.
8:49 of 3rd period - Shot Misses the Net.
10:03 of 3rd period - Travis Sanheim is hit by Adam Larsson.
10:54 of 3rd period - Teuvo Teravainen is hit by Marcus Pettersson.
11:12 of 3rd period - Cam Fowler is hit by Travis Sanheim and loses puck.
12:09 of 3rd period - Snap shot by Mathew Barzal.
12:09 of 3rd period - Stopped by Adin Hill without a rebound.
12:10 of 3rd period - Jamie Benn wins face-off versus Nathan MacKinnon in Chicago Black Hawks zone.
12:15 of 3rd period - Cam Fowler is hit by Jamie Benn and loses puck.
12:20 of 3rd period - Wrist shot by Kevin Fiala.
12:20 of 3rd period - Goal by Kevin Fiala - New York Rangers : 2 - Chicago Black Hawks : 2.
12:21 of 3rd period - Bo Horvat wins face-off versus Mikael Granlund in neutral zone.
12:26 of 3rd period - Snap shot by Bo Horvat.
12:26 of 3rd period - Shot Blocked by Jake McCabe.
12:28 of 3rd period - Slapshot by Seth Jones.
12:28 of 3rd period - Stopped by Igor Shesterkin with a rebound.
12:30 of 3rd period - Slapshot by Cale Makar.
12:30 of 3rd period - Shot Blocked by Mikael Granlund.
12:34 of 3rd period - Wrist shot by Filip Forsberg.
12:34 of 3rd period - Shot Blocked by Jake McCabe.
12:36 of 3rd period - Slapshot by Bo Horvat.
12:36 of 3rd period - Stopped by Igor Shesterkin without a rebound.
12:37 of 3rd period - Cole Caufield wins face-off versus Sidney Crosby in New York Rangers zone.
13:38 of 3rd period - Snap shot by Filip Forsberg.
13:38 of 3rd period - Stopped by Igor Shesterkin without a rebound.
13:39 of 3rd period - Sidney Crosby wins face-off versus Mikael Granlund in New York Rangers zone.
13:48 of 3rd period - Snap shot by Sidney Crosby.
13:48 of 3rd period - Shot Misses the Net.
13:50 of 3rd period - Snap shot by Chris Kreider.
13:50 of 3rd period - Shot Misses the Net.
13:52 of 3rd period - Snap shot by Devon Toews.
13:52 of 3rd period - Shot Misses the Net.
13:54 of 3rd period - Snap shot by Chris Kreider.
13:54 of 3rd period - Shot Misses the Net.
14:08 of 3rd period - Slapshot by Conor Garland.
14:08 of 3rd period - Shot Blocked by Filip Forsberg.
14:13 of 3rd period - Off-side.
14:14 of 3rd period - Nathan MacKinnon wins face-off versus Jamie Benn in neutral zone.
15:12 of 3rd period - Ryan Hartman is hit by Jake McCabe and loses puck.
15:17 of 3rd period - Wrist shot by Nikolaj Ehlers.
15:17 of 3rd period - Goal by Nikolaj Ehlers - New York Rangers : 3 - Chicago Black Hawks : 2.
15:18 of 3rd period - Nathan MacKinnon wins face-off versus Kevin Fiala in neutral zone.
15:31 of 3rd period - Snap shot by Nathan MacKinnon.
15:31 of 3rd period - Stopped by Adin Hill with a rebound.
15:33 of 3rd period - Slapshot by Brendan Smith.
15:33 of 3rd period - Stopped by Adin Hill without a rebound.
15:34 of 3rd period - Mikael Granlund wins face-off versus Sidney Crosby in Chicago Black Hawks zone.
16:01 of 3rd period - Nathan MacKinnon is hit by Seth Jones and loses puck.
16:12 of 3rd period - Wrist shot by Nathan MacKinnon.
16:12 of 3rd period - Goal by Nathan MacKinnon - New York Rangers : 4 - Chicago Black Hawks : 2.
16:13 of 3rd period - Nathan MacKinnon wins face-off versus Jamie Benn in neutral zone.
16:36 of 3rd period - Minor Penalty to Kevin Fiala for Roughing.
16:37 of 3rd period - Jamie Benn wins face-off versus Cole Caufield in Chicago Black Hawks zone.
17:04 of 3rd period - Devon Toews is hit by Joe Pavelski and loses puck.
18:36 of 3rd period - Penalty to Kevin Fiala is over, Kevin Fiala is back on ice.
19:50 of 3rd period - Seth Jones is hit by Brendan Smith and loses puck.
Goals for this period are 2 for New York Rangers vs 1 for Chicago Black Hawks.
Shots for this period are 13 for New York Rangers vs 8 for Chicago Black Hawks.
Back to the Top